 Dungeon Crawl Stone Soup version 0.27-a0-77-gd04b7445b5 (webtiles) character file.

Game seed: 5442081928865993805

359708 tzalcoatl the Envoy of Void (level 23, -2/163 HPs)
             Began as a Halfling Abyssal Knight on Dec 15, 2020.
             Was a High Priest of Lugonu.
             Killed from afar by a hellion (27 damage)
             ... with damnation
             ... on level 1 of the Abyss on Jan 13, 2021.
             The game lasted 09:10:30 (69673 turns).

tzalcoatl the Envoy of Void (HaAK)                 Turns: 69673, Time: 09:10:30

Health: -2/163     AC: 34    Str: 29    XL:     23   Next: 45%
Magic:  3/36       EV: 20    Int: 24    God:    Lugonu [*****.]
Gold:   4290       SH: 14    Dex: 14    Spells: 8/30 levels left

rFire    + . .     SeeInvis +   b - +9 quick blade (distort)
rCold    + . .     Faith    .   u - +3 buckler {rPois}
rNeg     + + +     Spirit   .   L - +9 plate armour of Din Cier {rF- rN+++ rCorr Str+6 Dex-3}
rPois    +         Reflect  +   R - +0 mask of the Dragon {Will+ Slay+3 SInv}
rElec    +         Harm     .   T - scarf {rC+ rF+}
rCorr    +         Rampage  +   N - +2 pair of gloves of Gienefofa {rN+ Will+ Int+2}
Will     +++++                  J - +2 pair of boots {rampage}
Stlth    ..........             I - amulet of reflection
HPRegen  0.37/turn              H - ring "Ynoq Agi" {*Drain rElec Will+ Str+3 Int+6}
MPRegen  0.25/turn              w - ring "Echeusuz" {rF+ Will+ Int+6}

@: about to teleport, very slightly contaminated, hasted, very quick
A: small, mutation resistance 1
}: 2/15 runes: decaying, gossamer
a: Renounce Religion, Depart the Abyss, Bend Space, Banish, Corrupt, Enter the
Abyss


You were on level 1 of the Abyss.
You worshipped Lugonu.
Lugonu was extremely pleased with you.
You visited 7 branches of the dungeon, and saw 39 of its levels.
You visited the Abyss 3 times.
You also visited: Gauntlet, Ice Cave and Wizlab.

You collected 8323 gold pieces.
You spent 4033 gold pieces at shops.

Inventory:

Hand Weapons
 a - a +7 fustibalus of flaming
 b - a +9 quick blade of distortion (weapon)
 c - the +11 long sword "Jed Nea" {vorpal, *Noise +Blink rPois Str+4}
   (You found it on level 1 of the Swamp)

   It inflicts extra damage upon your enemies.
   It affects your strength (+4).
   It protects you from poison.
   It lets you blink.
   It may make noises in combat.
 e - the +4 rapier of Analysis {antimagic, rElec Dex-5 Stlth+}
   (You found it on level 9 of the Dungeon)

   It reduces the magical energy of the wielder, and disrupts the spells and
   magical abilities of those hit.
   Natural abilities and divine invocations are not affected.
   It affects your dexterity (-5).
   It insulates you from electricity.
   It makes you more stealthy.
 f - a +3 scimitar of holy wrath
Missiles
 q - 422 stones
 G - 125 sling bullets
Armour
 h - the +11 chain mail of Ishriydy {rElec MP+9 Int+3}
   (You bought it in a shop on level 2 of the Orcish Mines)

   It affects your intelligence (+3).
   It insulates you from electricity.
   It affects your magic capacity (+9).
 u - a +3 buckler of poison resistance (worn)
 J - a +2 pair of boots of rampaging (worn)
 L - the +9 plate armour of Din Cier (worn) {rF- rN+++ rCorr Str+6 Dex-3}
   (You bought it in a shop on level 2 of the Orcish Mines)

   It affects your strength (+6).
   It affects your dexterity (-3).
   It makes you vulnerable to fire.
   It renders you almost immune to negative energy.
   It provides partial protection from all sources of acid and corrosion.
 N - the +2 pair of gloves of Gienefofa (worn) {rN+ Will+ Int+2}
   (You took it off Nikola on level 2 of the Depths)

   It affects your intelligence (+2).
   It protects you from negative energy.
   It affects your willpower, your defense against some magical effects.
 R - the +0 mask of the Dragon (worn) {Will+ Slay+3 SInv}
   (You bought it in a shop on level 2 of the Orcish Mines)

   It affects your accuracy and damage with ranged weapons and melee attacks
   (+3).
   It affects your willpower, your defense against some magical effects.
   It lets you see invisible.
 T - a scarf of resistance (worn)
Jewellery
 o - an uncursed ring of wizardry
 v - an uncursed ring of protection from cold
 w - the ring "Echeusuz" (right hand) {rF+ Will+ Int+6}
   (You found it in a Gauntlet)

   [ring of intelligence]

   It affects your intelligence (+6).
   It protects you from fire.
   It affects your willpower, your defense against some magical effects.
 H - the ring "Ynoq Agi" (left hand) {*Drain rElec Will+ Str+3 Int+6}
   (You acquired it on level 5 of the Lair of Beasts)

   [ring of intelligence]

   It affects your strength (+3).
   It affects your intelligence (+6).
   It insulates you from electricity.
   It affects your willpower, your defense against some magical effects.
   It causes draining when unequipped.
 I - an amulet of reflection (around neck)
 O - the ring "Syhatha" {Will+ Int+3 Slay+4}
   (You found it on level 3 of the Depths)

   [ring of slaying]

   It affects your intelligence (+3).
   It affects your accuracy and damage with ranged weapons and melee attacks
   (+4).
   It affects your willpower, your defense against some magical effects.
Wands
 m - a wand of digging (10)
 y - a wand of iceblast (35) (quivered)
 B - a wand of acid (8)
 X - a wand of enslavement (20)
Scrolls
 g - 5 scrolls of enchant armour
 i - 13 scrolls of teleportation
 k - 7 scrolls of immolation
 n - 9 scrolls of magic mapping
 s - 5 scrolls of fear
 M - 5 scrolls of summoning
 Q - 3 scrolls of torment
 U - 5 scrolls of blinking
 V - 9 scrolls of fog
Potions
 j - 5 potions of resistance
 l - 5 potions of lignification
 p - 6 potions of flight
 r - 4 potions of might
 t - 5 potions of magic
 x - 3 potions of haste
 A - 3 potions of mutation
 C - 2 potions of heal wounds
 D - 5 potions of brilliance
 F - 5 potions of cancellation
 P - 10 potions of ambrosia
 S - 4 potions of invisibility
 W - 2 potions of berserk rage
 Y - 8 potions of curing
Miscellaneous
 d - a tin of tremorstones (2/2)
 z - a lightning rod (4/4)
 E - a phantom mirror
 K - a condenser vane
 Z - a box of beasts


   Skills:
 + Level 15.5 Fighting
 - Level 10.9(12.0) Short Blades
 - Level 6.8(9.1) Long Blades
 + Level 15.1 Slings
 + Level 17.1 Armour
 - Level 16.0 Dodging
 - Level 4.0 Stealth
 - Level 6.0 Shields
 - Level 4.0 Spellcasting
 - Level 6.0 Hexes
 - Level 11.0 Summonings
 - Level 11.0 Translocations
 - Level 4.1 Fire Magic
 - Level 18.0 Invocations
 - Level 6.0 Evocations


You had 8 spell levels left.
You knew the following spells:

 Your Spells              Type           Power        Failure   Level
a - Call Imp              Summ           55%          1%          2
b - Portal Projectile     Hex/Tloc       90%          4%          3
c - Blink                 Tloc           N/A          1%          2
d - Summon Guardian Gole  Hex/Summ       45%          4%          3
e - Summon Forest         Summ/Tloc      27%          14%         5
r - Apportation           Tloc           100%         1%          1
s - Shadow Creatures      Summ           N/A          63%         6

Your spell library contained the following spells:

 Spells                   Type           Power        Failure   Level
 Summon Small Mammal      Summ           100%         1%          1
 Gell's Gravitas          Tloc           27%          1%          3
 Lesser Beckoning         Tloc           27%          1%          3
 Corona                   Hex            36%          4%          1
 Slow                     Hex            33%          6%          2
 Tukima's Dance           Hex            33%          12%         3
 Summon Demon             Summ           27%          14%         5
 Inner Flame              Hex/Fire       29%          19%         3
 Dazzling Flash           Conj/Hex       38%          38%         3
 Summon Mana Viper        Hex/Summ       45%          38%         5
 Animate Skeleton         Necr           8%           43%         1
 Freeze                   Ice            16%          43%         1
 Magic Dart               Conj           16%          43%         1
 Pain                     Necr           16%          43%         1
 Sandblast                Erth           8%           43%         1
 Sting                    Tmut/Pois      16%          43%         1
 Conjure Flame            Conj/Fire      14%          54%         3
 Corpse Rot               Necr/Air       N/A          58%         2
 Passwall                 Tmut/Erth      3%           58%         2
 Poisonous Vapours        Pois/Air       8%           58%         2
 Sublimation of Blood     Necr           2%           58%         2
 Wereblood                Tmut           4%           58%         2
 Ignite Poison            Fire/Tmut/Pois 11%          63%         3
 Dispersal                Tloc           27%          63%         6
 Leda's Liquefaction      Hex/Erth       9%           80%         4
 Mephitic Cloud           Conj/Pois/Air  4%           82%         3
 Spider Form              Tmut/Pois      2%           82%         3
 Static Discharge         Conj/Air       4%           82%         3
 Stone Arrow              Conj/Erth      8%           82%         3
 Metabolic Englaciation   Hex/Ice        9%           98%         5
 Animate Dead             Necr           2%           99%         4
 Dispel Undead            Necr           4%           99%         4
 Ice Form                 Ice/Tmut       4%           99%         4
 Olgreb's Toxic Radiance  Pois           4%           99%         4
 Petrify                  Tmut/Erth      4%           99%         4
 Fireball                 Conj/Fire      7%           99%         5
 Invisibility             Hex            33%          99%         6
 Malign Gateway           Summ/Tloc      27%          99%         7
 Summon Hydra             Summ           27%          99%         7
 Agony                    Necr           4%           100%        5
 Alistair's Intoxication  Tmut/Pois      2%           100%        5
 Blade Hands              Tmut           2%           100%        5
 Bolt of Magma            Conj/Fire/Erth 5%           100%        5
 Borgnjor's Vile Clutch   Necr/Erth      2%           100%        5
 Excruciating Wounds      Necr           2%           100%        5
 Lee's Rapid Deconstruct  Erth           2%           100%        5
 Lightning Bolt           Conj/Air       2%           100%        5
 Death Channel            Necr           2%           100%        6
 Eringya's Noxious Bog    Tmut/Pois      2%           100%        6
 Freezing Cloud           Conj/Ice/Air   2%           100%        6
 Iron Shot                Conj/Erth      2%           100%        6
 Simulacrum               Ice/Necr       2%           100%        6
 Starburst                Conj/Fire      7%           100%        6
 Statue Form              Tmut/Erth      2%           100%        6
 Disjunction              Tloc           27%          100%        8
 Ignition                 Fire           12%          100%        8
 Shatter                  Erth           2%           100%        9
 Tornado                  Air            2%           100%        9


Dungeon Overview and Level Annotations

Branches:
Dungeon (15/15)            Temple (0/1) D:6            Lair (6/6) D:9
  Swamp (4/4) Lair:3       Spider (4/4) Lair:4        Slime (0/5) Lair:5
    Orc (2/2) D:11            Elf (3/3) Orc:2        Vaults (0/5) D:14
 Depths (4/5) D:15          IceCv (visited)          WizLab (visited)
Gauntlet (visited)

Altars:
Ashenzari
Cheibriados
Dithmenos
Fedhas
Hepliaklqana
Makhleb
Nemelex Xobeh
Okawaru
Qazlal
Ru
Sif Muna
Trog
Uskayaw
Yredelemnul
Zin
The Shining One
Beogh
Jiyva

Shops:
D:9 *   D:13 =   Orc:2 *!([   Depths:1 }   Depths:2 (   Depths:3 =}*

Portals:
Hell: Lair:6 Depths:1 Depths:2 Depths:3
Pandemonium: Depths:2 Depths:3

Annotations:
D:2 Sigmund
Spider:4 corrupted
Elf:1 3 runed translucent doors, corrupted
Depths:5 Xtahua
Abyss:1 Erica


Innate Abilities, Weirdness & Mutations

You are small and have problems with some larger weapons.
You are somewhat resistant to further mutation.


Message History

The thrashing horror tramples you.
* * * LOW HITPOINT WARNING * * *
You stumble backwards!
You closely miss the thrashing horror.
The thrashing horror is severely damaged.
A boulder beetle comes into view.
You puncture the thrashing horror!
You destroy the thrashing horror!
A tyrant leech comes into view.
The boulder beetle bites you but does no damage.
A boulder beetle comes into view.
Found 14 gold pieces.
The hellion gestures at something.
The sphere of damnation explodes!
You hear a roar! x2
A large abomination comes into view.
You flicker back into view.
The hellion gestures at you.
The sphere of damnation explodes!
The damnation engulfs you!!
You die...

...§§#.#......[#.#(#
......##?... ...# ..#.
....)≈.##...#1w.......
.... ...#..# #2.......
#....#.#..#....#
###...##.## ...#
###...##.##.....
§......#.B......
....#.. #@...w....
....#. .#.###...#. ..#
.# ...X (#$# #.
.#....(.( # # ..
..}....( .........
#...###.#.. #.#. .#..[


You could see a boulder beetle, 2 tyrant leeches, a large abomination and a
hellion.

Vanquished Creatures
  A caustic shrike (Depths:3)
  the Enchantress (Depths:2)
  Nikola (Depths:2)
  Arachne (Spider:3)
  A bone dragon (Abyss:1)
  A lich (Depths:3)
  3 deep elf blademasters
  A deep elf master archer (Elf:3)
  3 sphinxes
  A thorn hunter (Swamp:4)
  2 shadow dragons
  Roxanne (D:14)
  A tengu reaver (Depths:1)
  6 fire giants
  An iron dragon (Depths:2)
  An orc warlord (Orc:2)
  3 deep elf sorcerers (Elf:3)
  4 ghost moths
  A balrug (Depths:2)
  2 frost giants
  Louise (D:14)
  9 emperor scorpions
  3 spriggan defenders (Depths:2)
  5 deep elf elementalists (Elf:3)
  8 stone giants
  A reaper (WizLab)
  16 very ugly things
  3 deep elf demonologists (Elf:3)
  The ghost of Coron the Severer, a journeyman MiBe of Trog (Orc:2)
  3 vampire knights
  2 dire elephants (Lair:6)
  An entropy weaver (Spider:4)
  A green draconian (Depths:5)
  7 bunyips
  A lorocyproca (WizLab)
  3 deep elf annihilators (Elf:3)
  A white draconian (Depths:5)
  A red draconian (Depths:5)
  7 spark wasps
  Snorg (D:12)
  5 eleionomae
  4 ettins
  2 shambling mangroves
  3 deep elf death magi (Elf:3)
  3 great orbs of eyes
  A deep elf high priest (Elf:3)
  3 ice dragons
  6 boulder beetles
  Harold (D:11)
  2 fire dragons (Depths:2)
  2 yaktaur captains
  8 rakshasas
  A hell beast (Lair:5)
  A ghost crab (Swamp:4)
  9 hydras
  3 spriggan air magi (Depths:2)
  7 alligators
  8 centaur warriors
  5 two-headed ogres
  A spectral stone giant (Orc:2)
  4 ogre magi
  24 dancing weapons
  3 deep troll earth magi
  5 tengu warriors
  5 deep troll shamans
  6 spriggan berserkers
  A vampire mage (Depths:4)
  A thrashing horror (Abyss:1)
  4 orc high priests
  13 hell knights
  Urug (Lair:6)
  2 sun demons (WizLab)
  9 deep elf knights
  The ghost of jestyr24 the Basher, a novice MiFi of Qazlal (D:12)
  A soul eater (WizLab)
  A shadow wraith (D:14)
  2 salamander mystics (Depths:3)
  2 iron trolls
  5 glowing orange brains
  A sixfirhy (Depths:2)
  4 spriggan druids
  A flayed ghost (Depths:1)
  7 goliath frogs
  7 unseen horrors
  2 swamp dragons
  16 deep trolls
  A shadow demon (WizLab)
  An orange crystal statue (Depths:3)
  2 wizards
  3 spectral hydras (Swamp:4)
  Pikel (D:3)
  10 bog bodies
  4 phantasmal warriors
  2 orc knights (Orc:2)
  6 deep elf archers
  5 necromancers
  35 deep elf magi
  4 harpies (D:13)
  A lindwurm (Lair:6)
  A wolf spider zombie (D:14)
  5 orc sorcerers
  24 ugly things
  8 orb spiders
  12 wolf spiders
  7 cyclopes
  2 manticores
  An oklob plant (Swamp:4)
  A moth of wrath (shapeshifter) (D:14)
  7 will-o-the-wisps
  4 salamanders (Depths:3)
  A spectral centaur (Gauntlet)
  3 moths of wrath
  A manticore (shapeshifter) (Depths:3)
  3 black mambas
  A water nymph (shapeshifter) (Elf:1)
  An elephant (shapeshifter) (D:14)
  10 elephants
  2 gargoyles
  4 torpor snails
  3 centaur zombies
  5 ice statues (IceCv)
  Joseph (Lair:1)
  2 orange demons (Lair:6)
  4 smoke demons
  A hellion (WizLab)
  11 yaktaurs
  16 cane toads
  4 rime drakes
  12 komodo dragons
  An anaconda simulacrum (IceCv)
  A tormentor (WizLab)
  2 freezing wraiths
  3 kobold demonologists
  2 efreet (D:14)
  5 swamp worm zombies (Swamp:4)
  2 hydra zombies (Swamp:4)
  22 demonic crawlers
  A golden dragon simulacrum (IceCv)
  2 red devils
  26 jumping spiders
  5 trolls
  A yaktaur skeleton (Depths:1)
  3 ice devils
  21 hornets
  A tengu conjurer (Depths:2)
  A jumping spider (shapeshifter) (Elf:2)
  4 slime creatures
  8 tyrant leeches
  A spectral swamp dragon (Swamp:4)
  3 polar bears
  4 alligator zombies (Swamp:4)
  A meliai zombie (Gauntlet)
  15 blink frogs
  2 dream sheep (Lair:5)
  An ice dragon zombie (Depths:1)
  An ettin zombie (Depths:1)
  2 shadows (D:14)
  A deep troll skeleton (Depths:1)
  49 redbacks
  A vampire (D:14)
  11 water elementals
  A tarantella (shapeshifter) (D:15)
  A wraith (D:10)
  A ynoxinul (Abyss:2)
  14 spriggans
  21 tarantellas
  11 wyverns
  38 yaks
  15 basilisks
  3 neqoxecs
  4 fire elementals
  A golden eye (shapeshifter) (D:14)
  2 chaos spawn (WizLab)
  10 vampire mosquitoes
  A harpy simulacrum (IceCv)
  A yaktaur simulacrum (Depths:1)
  4 wargs (Orc:2)
  8 hell hounds
  A spectral cane toad (Gauntlet)
  An acid dragon (D:14)
  12 swamp worms
  2 iron troll simulacra (IceCv)
  3 large abominations
  4 hydra simulacra (IceCv)
  12 water moccasins
  The ghost of jiml777 the Magician, an amateur DEAE (D:3)
  A floating eye (Depths:2)
  3 swamp drakes
  39 orc warriors
  3 black bears
  3 phantoms
  3 sky beasts
  11 ice beasts
  5 swamp dragon zombies (Swamp:4)
  A necrophage (D:8)
  17 ogres
  3 boggarts
  5 centaurs
  24 wolves
  3 lemures (D:3)
  A big kobold (shapeshifter) (D:13)
  4 big kobolds
  3 earth elementals
  19 bullfrogs
  A gnoll sergeant (D:9)
  A water moccasin zombie (D:8)
  5 scorpions
  A spectral warg (Orc:2)
  A spectral ogre (Orc:2)
  7 killer bees
  8 wights (D:12)
  3 electric eels
  4 howler monkeys
  A small abomination (Abyss:1)
  A quasit (D:9)
  34 orc wizards
  7 centaur skeletons
  3 jellies
  2 bullfrog skeletons
  18 orc priests
  8 hounds
  3 iron imps
  Ijyb (D:3)
  5 iguanas
  2 spectral orcs (Orc:2)
  13 worker ants
  5 hell rats (D:15)
  3 spectral swamp drakes (Swamp:4)
  3 hound skeletons
  2 hound zombies
  Robin (D:2)
  3 gnolls (D:9)
  A swamp drake zombie (Swamp:4)
  10 adders
  4 shadow imps
  4 white imps
  An ufetubus (Depths:2)
  An ooze (D:4)
  3 orc simulacra (Orc:2)
  2 adder zombies
  2 adder skeletons
  5 worms
  2 dart slugs
  4 leopard geckos
  107 orcs
  7 bats
  10 giant cockroaches
  16 goblins
  9 hobgoblins
  6 jackals
  10 quokkas
  2 ball pythons
  6 frilled lizards
  19 kobolds
  A leopard gecko skeleton (D:5)
  A leopard gecko zombie (D:5)
  16 rats
1464 creatures vanquished.

Vanquished Creatures (collateral kills)
  A minotaur (Abyss:1)
  A great orb of eyes (Depths:2)
  A hydra (D:15)
  A boulder beetle (Spider:2)
  2 centaur warriors
  A sun demon (WizLab)
  A sixfirhy (Abyss:1)
  A necromancer (Depths:2)
  An ugly thing (Depths:2)
  A wolf spider (D:15)
  A deep elf mage (D:15)
  2 orc sorcerers (Orc:2)
  A smoke demon (Abyss:1)
  A centaur skeleton (D:15)
  A hellion (WizLab)
  A kobold demonologist (D:14)
  A tormentor (WizLab)
  A hornet (Swamp:1)
  A redback (Spider:4)
  A ynoxinul (Abyss:1)
  A tarantella (Spider:4)
  A vampire mosquito (Swamp:1)
  A big kobold (D:12)
  A wight (D:12)
  A quasit (D:14)
  An iguana (D:12)
  A kobold (D:12)
29 creatures vanquished.

Vanquished Creatures (others)
  The ghost of Jyejeiptew the Messiah, an adept HOMo of Beogh (Elf:1)
  A deep elf elementalist (Elf:1)
  Nessos (Lair:5)
  2 spark wasps (Spider:4)
  An alligator (Swamp:1)
  A tengu warrior (D:9)
  4 two-headed ogres
  The ghost of tbh1313 the Severer, a novice MiBe of Trog (D:9)
  An unseen horror (D:14)
  4 deep elf magi (Elf:1)
  An orb spider (Spider:4)
  5 wolf spiders (Spider:4)
  2 moths of wrath
  An efreet (D:15)
  A demonic crawler (Spider:4)
  4 yaktaurs (Depths:1)
  6 jumping spiders (Spider:4)
  6 bloated husks
  A hornet (Swamp:4)
  7 redbacks (Spider:4)
  A spriggan (Swamp:4)
  A tarantella (Spider:4)
  A water elemental (Elf:1)
  2 orc warriors
  6 phantoms (Swamp:4)
  2 ogres (Depths:1)
  2 centaurs (Depths:1)
  A kobold (D:9)
  A bush (Lair:3)
  22 foxfires
  36 fungi
  68 plants
  A snaplasher vine (Depths:2)
  15 starspawn tentacles
  28 withered plants
238 creatures vanquished.

Grand Total: 1731 creatures vanquished

Notes
Turn   | Place    | Note
-------+----------+-------------------------------------------
     0 | Abyss:1  | tzalcoatl the Halfling Abyssal Knight began the quest for
                  | the Orb.
     0 | Abyss:1  | Reached XP level 1. HP: 15/15 MP: 2/2
    30 | D:1      | Escaped the Abyss
   167 | D:1      | Reached XP level 2. HP: 20/20 MP: 3/3
   541 | D:1      | Reached XP level 3. HP: 23/26 MP: 4/4
   643 | D:1      | Reached ** piety under Lugonu
   918 | D:2      | Found a glowing golden altar of the Shining One.
  1030 | D:2      | Noticed Sigmund
  1111 | D:2      | Noticed Robin
  1573 | D:1      | Reached XP level 4. HP: 11/31 MP: 6/6
  1822 | D:2      | Killed Robin
  1847 | D:2      | Reached skill level 3 in Invocations
  1947 | D:2      | Found a stormy altar of Qazlal.
  2177 | D:2      | Found a basalt altar of Yredelemnul.
  2179 | D:2      | Found a sacrificial altar of Ru.
  2494 | D:3      | Reached XP level 5. HP: 34/36 MP: 7/7
  2504 | D:3      | Found a broken altar of Ashenzari.
  2561 | D:3      | Reached skill level 1 in Slings
  2683 | D:3      | Noticed an ogre
  2810 | D:3      | Killed an ogre
  2811 | D:3      | Reached XP level 6. HP: 40/43 MP: 4/8
  2896 | D:3      | Noticed Ijyb
  2937 | D:3      | Killed Ijyb
  2937 | D:3      | Reached *** piety under Lugonu
  2981 | D:3      | Found a snail-covered altar of Cheibriados.
  2981 | D:3      | Found a shimmering blue altar of Sif Muna.
  3353 | D:3      | Found a runed translucent door.
  3353 | D:3      | Noticed jiml777's ghost (amateur DEAE)
  3688 | D:4      | Reached XP level 7. HP: 48/48 MP: 9/9
  3750 | D:4      | Found a shadowy altar of Dithmenos.
  3809 | D:4      | Reached skill level 4 in Invocations
  3968 | D:4      | Reached skill level 5 in Slings
  4451 | D:4      | Noticed Pikel
  4538 | D:3      | Upgraded the game from 0.26-a0-1102-g347fe5baa7 to
                  | 0.27-a0-46-g34d46f0a3f
  4588 | D:3      | Killed jiml777's ghost
  4589 | D:3      | Reached skill level 5 in Invocations
  4589 | D:3      | Reached XP level 8. HP: 54/54 MP: 11/11
  4691 | D:3      | Killed Pikel
  4692 | D:3      | Reached skill level 6 in Invocations
  5042 | D:5      | Entered Level 5 of the Dungeon
  5121 | D:5      | Reached skill level 5 in Dodging
  5730 | D:5      | Reached skill level 7 in Invocations
  5730 | D:5      | Reached XP level 9. HP: 41/58 MP: 14/14
  5740 | D:5      | Got a jewelled ring mail
  5750 | D:5      | Identified the +1 ring mail of the Gusle {Str+2 Int+6} (You
                  | found it on level 5 of the Dungeon)
  5750 | D:5      | Upgraded the game from 0.27-a0-46-g34d46f0a3f to
                  | 0.27-a0-54-g64bdb92e38
  5829 | D:5      | Got a faintly glowing flail
  5829 | D:5      | Identified the cursed +0 flail "Uwoalil" {vorpal, rN++
                  | Str+5 Int-4} (You found it on level 5 of the Dungeon)
  6284 | D:6      | Reached **** piety under Lugonu
  6285 | D:6      | Reached skill level 8 in Invocations
  6764 | D:6      | Found a glowing silver altar of Zin.
  7035 | D:6      | Found a staircase to the Ecumenical Temple.
  7146 | D:6      | Found a burning altar of Makhleb.
  7454 | D:7      | Found a hazy altar of Hepliaklqana.
  8291 | D:7      | Got a fading hand axe
  8853 | D:8      | Noticed a manticore
  8868 | D:8      | Reached skill level 10 in Slings
  8868 | D:8      | Reached XP level 10. HP: 34/63 MP: 13/16
  8876 | D:8      | Killed a manticore
  8877 | D:8      | Reached skill level 9 in Invocations
  9319 | D:8      | Found a hide-covered altar of Uskayaw.
  9328 | D:8      | Noticed Erica
  9329 | D:8      | Banished Erica
  9329 | D:8      | Noticed a two-headed ogre
  9346 | D:8      | Killed a two-headed ogre
  9347 | D:8      | Reached skill level 5 in Fighting
  9755 | D:8      | Identified the +2 hand axe "Qymim" {drain, rElec rPois
                  | Int+5 Dex-2} (You found it on level 7 of the Dungeon)
 10465 | D:9      | Found Fipnuall's General Store.
 10491 | D:9      | Identified the +4 rapier of Analysis {antimagic, rElec
                  | Dex-5 Stlth+}
 10491 | D:9      | Noticed a tengu warrior
 10492 | D:9      | Noticed tbh1313's ghost (novice MiBe)
 10492 | D:9      | Noticed a two-headed ogre
 10492 | D:9      | Noticed a moth of wrath
 10499 | D:9      | Found a transporter.
 10499 | D:9      | Noticed a two-headed ogre
 10500 | D:9      | Found a bloodstained altar of Trog.
 10547 | D:9      | Reached ***** piety under Lugonu
 10615 | D:9      | Found a staircase to the Lair.
 10636 | D:9      | Reached XP level 11. HP: 72/72 MP: 18/18
 10745 | D:8      | Reached skill level 10 in Invocations
 10949 | D:9      | Noticed a two-headed ogre
 10955 | D:9      | Found a transporter.
 11245 | D:9      | Noticed a moth of wrath
 11248 | D:9      | Found a bloodstained altar of Trog.
 11302 | D:9      | Got a polished long sword
 11348 | D:9      | Bought 8 atropa-tipped darts for 67 gold pieces
 11348 | D:9      | Bought a scroll of fog for 28 gold pieces
 11610 | D:10     | Entered Level 10 of the Dungeon
 11940 | D:10     | Found a blossoming altar of Fedhas.
 13028 | Lair:1   | Entered Level 1 of the Lair of Beasts
 13072 | Lair:1   | Found a gate leading to a gauntlet.
 13122 | Lair:1   | Found a burning altar of Makhleb.
 13154 | Gauntlet | Entered a Gauntlet
 13154 | Gauntlet | Found a transporter.
 13154 | Gauntlet | Found a transporter.
 13154 | Gauntlet | Found a transporter.
 13154 | Gauntlet | Noticed a death scarab
 13180 | Gauntlet | Found a transporter.
 13184 | Gauntlet | Found a transporter.
 13184 | Gauntlet | Found a transporter.
 13188 | Gauntlet | Found a runed translucent door.
 13190 | Gauntlet | Found a runed translucent door.
 13192 | Gauntlet | Found a transporter.
 13193 | Gauntlet | Found a transporter.
 13195 | Gauntlet | Found a transporter.
 13195 | Gauntlet | Found a transporter.
 13197 | Gauntlet | Noticed a purple ugly thing
 13197 | Gauntlet | Noticed a cyan ugly thing
 13199 | Gauntlet | Found a runed translucent door.
 13199 | Gauntlet | Found a runed translucent door.
 13200 | Gauntlet | Noticed a death drake
 13203 | Gauntlet | Found a transporter.
 13203 | Gauntlet | Noticed a glowing orange brain
 13204 | Gauntlet | Found a transporter.
 13210 | Gauntlet | Noticed a glowing orange brain
 13447 | Gauntlet | Upgraded the game from 0.27-a0-54-g64bdb92e38 to
                  | 0.27-a0-65-gfb268537a3
 13524 | Gauntlet | Banished a death scarab
 13525 | Gauntlet | Reached skill level 5 in Armour
 13598 | Gauntlet | Paralysed by a hornet for 1 turns
 13612 | Gauntlet | Paralysed by a hornet for 3 turns
 13623 | Gauntlet | Paralysed by a hornet for 2 turns
 13936 | Gauntlet | Banished a death drake
 13937 | Gauntlet | Reached XP level 12. HP: 44/82 MP: 9/19
 13951 | Gauntlet | HP: 1/82 [meliai zombie (8)]
 14270 | Gauntlet | Got a heavily runed copper ring
 14318 | Gauntlet | Noticed a minotaur
 14321 | Gauntlet | Banished a minotaur
 14428 | Gauntlet | Learned a level 2 spell: Blink
 14493 | Lair:1   | Identified the ring "Echeusuz" {rF+ Will+ Int+6} (You found
                  | it in a Gauntlet)
 14500 | Lair:1   | Noticed Joseph
 14509 | Lair:1   | Killed Joseph
 15003 | Lair:1   | Learned a level 2 spell: Call Imp
 15011 | Lair:1   | Reached skill level 1 in Translocations
 15170 | Lair:1   | Identified the +2 long sword "Caleon" {freeze, Fragile
                  | +Blink Int+8} (You found it on level 9 of the Dungeon)
 17618 | Lair:1   | Reached skill level 10 in Fighting
 17618 | Lair:1   | Reached XP level 13. HP: 75/92 MP: 20/20
 17721 | Lair:1   | Reached skill level 1 in Shields
 18645 | Lair:3   | Found a staircase to the Swamp.
 18705 | Lair:3   | Got a distressingly furry robe
 18715 | Lair:3   | Identified the +1 robe of Hysteria {rN+ Dex+4} (You found
                  | it on level 3 of the Lair of Beasts)
 19724 | Lair:4   | Reached skill level 5 in Shields
 19845 | Lair:4   | Noticed a boulder beetle
 19855 | Lair:4   | Found a hole to the Spider Nest.
 19867 | Lair:4   | Killed a boulder beetle
 20685 | Lair:5   | Found a staircase to the Slime Pits.
 20685 | Lair:5   | Found a viscous altar of Jiyva.
 20685 | Lair:5   | Noticed Nessos
 20793 | Lair:5   | Noticed a five-headed hydra
 20807 | Lair:4   | Killed a five-headed hydra
 21213 | Lair:5   | Noticed an eight-headed hydra
 21230 | Lair:5   | Killed an eight-headed hydra
 21254 | Lair:5   | Reached skill level 1 in Summonings
 21476 | Lair:5   | Noticed a seven-headed hydra
 21491 | Lair:5   | Killed a seven-headed hydra
 21556 | Lair:5   | Noticed a seven-headed hydra
 21568 | Lair:5   | Killed Nessos
 21569 | Lair:5   | Reached XP level 14. HP: 68/103 MP: 21/21
 21803 | Lair:5   | Identified 2 scrolls of acquirement
 21804 | Lair:5   | Acquired a manual of Invocations
 21806 | Lair:5   | Acquired the ring "Ynoq Agi" {*Drain rElec Will+ Str+3
                  | Int+6}
 22013 | Lair:5   | You fall into a shaft and drop 1 floor!
 22013 | Lair:6   | Entered Level 6 of the Lair of Beasts
 23112 | Lair:6   | Noticed a dire elephant
 23166 | Lair:6   | Killed a dire elephant
 23167 | Lair:6   | Reached skill level 10 in Armour
 23167 | Lair:6   | Reached skill level 10 in Dodging
 23499 | Lair:6   | Reached skill level 5 in Summonings
 23612 | Lair:6   | Noticed Urug
 23622 | Lair:6   | Killed Urug
 24220 | Lair:6   | Noticed a dire elephant
 24280 | Lair:6   | Killed a dire elephant
 24611 | Lair:6   | Reached ****** piety under Lugonu
 25025 | Lair:6   | Found a burning altar of Makhleb.
 25069 | Lair:6   | Found a gateway to Hell.
 25493 | D:9      | Corrupted D:9
 25493 | D:9      | Noticed a tentacled starspawn
 25495 | D:9      | Noticed a tentacled starspawn
 25501 | D:9      | Killed tbh1313's ghost
 25512 | D:9      | Noticed a starcursed mass
 25821 | D:11     | Found a staircase to the Orcish Mines.
 25871 | D:11     | Noticed Harold
 25899 | D:11     | Killed Harold
 25900 | D:11     | Reached XP level 15. HP: 78/108 MP: 22/22
 26401 | D:11     | Found a roughly hewn altar of Beogh.
 26416 | D:11     | Reached skill level 1 in Spellcasting
 26960 | D:12     | Found a large runed translucent door.
 26960 | D:12     | Found a large runed translucent door.
 26962 | D:12     | Noticed jestyr24's ghost (novice MiFi)
 26987 | D:12     | Killed jestyr24's ghost
 27374 | D:12     | You fall into a shaft and drop 3 floors!
 27374 | D:15     | Entered Level 15 of the Dungeon
 27374 | D:15     | Found an iron altar of Okawaru.
 27406 | D:14     | Paralysed by a floating eye for 2 turns
 27658 | D:14     | Found a gate to the Vaults.
 27877 | D:14     | Noticed Roxanne
 27938 | D:14     | Killed Roxanne
 27939 | D:14     | Reached skill level 11 in Invocations
 28274 | D:14     | Reached skill level 12 in Invocations
 29188 | D:14     | Reached skill level 13 in Invocations
 30055 | D:14     | Noticed Louise
 30174 | D:14     | Killed Louise
 30175 | D:14     | Reached XP level 16. HP: 91/115 MP: 16/26
 30613 | D:13     | Reached skill level 1 in Stealth
 30772 | D:13     | Reached skill level 1 in Evocations
 32114 | D:13     | Found Getitiag's Jewellery Boutique.
 32452 | D:12     | Noticed Snorg
 32465 | D:12     | Killed Snorg
 32532 | D:12     | You fall into a shaft and drop 1 floor!
 32634 | D:12     | You fall into a shaft and drop 1 floor!
 32934 | D:15     | Found a staircase to the Depths.
 32944 | D:15     | Reached skill level 5 in Translocations
 32991 | D:15     | Reached skill level 14 in Invocations
 34211 | Orc:1    | Entered Level 1 of the Orcish Mines
 34212 | Orc:1    | Upgraded the game from 0.27-a0-65-gfb268537a3 to
                  | 0.27-a0-67-g4bfc8a49e1
 34330 | Orc:1    | Found a roughly hewn altar of Beogh.
 34865 | Orc:2    | Entered Level 2 of the Orcish Mines
 34949 | Orc:2    | Found a staircase to the Elven Halls.
 35109 | Orc:2    | Found Qarorry's Assorted Antiques.
 35141 | Orc:2    | Bought a pair of runed gloves for 195 gold pieces
 35141 | Orc:2    | Bought a faintly glowing plate armour for 728 gold pieces
 35141 | Orc:2    | Bought a metal-bound book for 390 gold pieces
 35141 | Orc:2    | Bought a scroll of fog for 52 gold pieces
 35156 | Orc:2    | Identified the +9 plate armour of Din Cier {rF- rN+++ rCorr
                  | Str+6 Dex-3} (You bought it in a shop on level 2 of the
                  | Orcish Mines)
 35339 | Orc:2    | Found a roughly hewn altar of Beogh.
 35390 | Orc:2    | Reached skill level 5 in Short Blades
 35390 | Orc:2    | Reached skill level 15 in Invocations
 35513 | Orc:2    | Found a roughly hewn altar of Beogh.
 35612 | Orc:2    | Found a roughly hewn altar of Beogh.
 35684 | Orc:2    | Found Iratagerar's Distillery.
 35696 | Orc:2    | Bought a potion of heal wounds for 85 gold pieces
 35696 | Orc:2    | Bought a potion of heal wounds for 85 gold pieces
 35796 | Orc:2    | Found a roughly hewn altar of Beogh.
 35836 | Orc:2    | Found Goajug's Weapon Shoppe.
 35953 | Orc:2    | Reached skill level 5 in Evocations
 36014 | Orc:2    | Found Taybih's Antique Weapon Shop.
 36016 | Orc:2    | Found a roughly hewn altar of Beogh.
 36020 | Orc:2    | Found Quzegg's Antique Armour Boutique.
 36238 | Orc:2    | Found a runed translucent gate.
 36240 | Orc:2    | Found a runed translucent gate.
 36242 | Orc:2    | Found a runed translucent gate.
 36386 | Orc:2    | Noticed Coron's ghost (journeyman MiBe)
 36440 | Orc:2    | Killed Coron's ghost
 36713 | Orc:2    | Bought an ichor-stained helmet for 332 gold pieces
 36713 | Orc:2    | Bought a transparent chain mail for 332 gold pieces
 36727 | Orc:2    | Identified the +11 chain mail of Ishriydy {rElec MP+9
                  | Int+3} (You bought it in a shop on level 2 of the Orcish
                  | Mines)
 36737 | Orc:2    | Identified the cursed -2 helmet "Xiwazat" {Will+ rCorr
                  | MP+9} (You bought it in a shop on level 2 of the Orcish
                  | Mines)
 36739 | Orc:2    | Bought the +0 mask of the Dragon {Will+ Slay+3 SInv} for
                  | 1169 gold pieces
 36739 | Orc:2    | Found the +0 mask of the Dragon {Will+ Slay+3 SInv}
 36854 | Orc:2    | Found a roughly hewn altar of Beogh.
 37116 | Spider:1 | Entered Level 1 of the Spider Nest
 37176 | Spider:1 | Reached XP level 17. HP: 56/122 MP: 28/28
 38150 | Spider:2 | You fall into a shaft and drop 1 floor!
 39073 | Spider:3 | Noticed Arachne
 39088 | Spider:3 | Killed Arachne
 39278 | Spider:2 | Upgraded the game from 0.27-a0-67-g4bfc8a49e1 to
                  | 0.27-a0-74-gebd156f8b4
 39912 | Spider:2 | Reached skill level 16 in Invocations
 42134 | Spider:4 | Entered Level 4 of the Spider Nest
 42887 | Spider:4 | Corrupted Spider:4
 42887 | Spider:4 | Noticed a tentacled starspawn
 42887 | Spider:4 | Noticed a tentacled starspawn
 42887 | Spider:4 | Noticed a tentacled starspawn
 42887 | Spider:4 | Noticed a tentacled starspawn
 42888 | Spider:4 | Noticed a bone dragon
 42895 | Spider:4 | Noticed a hellephant
 42912 | Spider:4 | Noticed a lich
 42922 | Spider:4 | Noticed a tentacled starspawn
 43158 | Spider:4 | Reached skill level 10 in Short Blades
 43278 | Spider:4 | Reached skill level 17 in Invocations
 43414 | Spider:4 | Learned a level 5 spell: Summon Forest
 43421 | Spider:4 | Learned a level 6 spell: Shadow Creatures
 43535 | Spider:4 | Reached XP level 18. HP: 114/128 MP: 30/30
 45516 | Spider:4 | Got a gossamer rune of Zot
 45863 | Swamp:1  | Entered Level 1 of the Swamp
 46886 | Swamp:1  | Identified the +11 long sword "Jed Nea" {vorpal, *Noise
                  | +Blink rPois Str+4} (You found it on level 1 of the Swamp)
 46946 | Swamp:1  | Reached skill level 18 in Invocations
 48579 | Swamp:3  | Reached skill level 15 in Armour
 48599 | Swamp:2  | Reached XP level 19. HP: 56/135 MP: 30/32
 49621 | Swamp:4  | Entered Level 4 of the Swamp
 51312 | Swamp:4  | Noticed a bone dragon
 51314 | Swamp:4  | Banished a bone dragon
 51390 | Swamp:4  | Learned a level 1 spell: Apportation
 51393 | Swamp:4  | Got a decaying rune of Zot
 51705 | Elf:1    | Entered Level 1 of the Elven Halls
 51858 | Elf:1    | Noticed Jyejeiptew's ghost (adept HOMo)
 51861 | Elf:1    | Found a runed translucent gate.
 51861 | Elf:1    | Found a runed translucent gate.
 51861 | Elf:1    | Found a runed translucent gate.
 52164 | Elf:1    | Reached skill level 1 in Long Blades
 53034 | Elf:1    | Corrupted Elf:1
 53065 | Elf:1    | Killed Jyejeiptew's ghost
 54122 | Elf:2    | Found a frozen archway.
 54139 | IceCv    | Entered an ice cave
 54590 | IceCv    | Reached skill level 5 in Long Blades
 54769 | Elf:2    | Acquired 696 gold pieces
 54814 | Elf:2    | Found a runed translucent gate.
 54814 | Elf:2    | Found a runed translucent gate.
 54814 | Elf:2    | Found a runed translucent gate.
 54943 | Elf:2    | Identified the +4 plate armour of Xuleihis {*Slow +Blink
                  | rElec Int+3} (You found it on level 2 of the Elven Halls)
 55112 | Elf:2    | Reached XP level 20. HP: 143/143 MP: 33/33
 56197 | Elf:2    | Identified a +8 quick blade of distortion (a +6 quick blade
                  | of holy wrath corrupted by Lugonu)
 56197 | Elf:2    | Received a gift from Lugonu
 56239 | Elf:3    | Entered Level 3 of the Elven Halls
 56993 | Elf:3    | Noticed a Brimstone Fiend
 57250 | Abyss:1  | Killed a bone dragon
 57432 | Abyss:1  | Noticed a Hell Sentinel
 57866 | Elf:3    | Escaped the Abyss
 58583 | Elf:3    | Reached XP level 21. HP: 132/150 MP: 11/34
 58886 | Elf:3    | Identified the +3 hunting sling of Conservatism {vorpal,
                  | rPois rC- Str+8} (You found it on level 3 of the Elven
                  | Halls)
 58898 | Elf:3    | Identified the Reference Book on Unholy Magic and Poisoning
 58962 | Elf:3    | Identified Sif Muna's Disquisition on Poisonous Hexes
 58981 | Elf:3    | Identified the Catalogue of Mutagenic Evil
 58985 | Elf:3    | Identified the Incunabulum of Burning Curses
 58991 | Elf:3    | Learned a level 3 spell: Portal Projectile
 59479 | D:15     | Upgraded the game from 0.27-a0-74-gebd156f8b4 to
                  | 0.27-a0-75-g9f9dfd16e9
 59481 | Depths:1 | Entered Level 1 of the Depths
 59504 | Depths:1 | Found Ripigeargh's Gadget Emporium.
 59626 | Depths:1 | Found a magical portal.
 59633 | WizLab   | Entered Doroklohe's Tomb
 59770 | WizLab   | Reached skill level 1 in Hexes
 59863 | WizLab   | Reached skill level 15 in Fighting
 60288 | WizLab   | Identified the +1 cloak of Generosity {Rampage Dex+3} (You
                  | found it in a wizard's laboratory)
 60297 | WizLab   | Identified the cursed +0 scale mail "Syxuj" {+Inv} (You
                  | found it in a wizard's laboratory)
 60727 | Depths:1 | Acquired 1096 gold pieces
 60758 | Depths:1 | Found a sparkling altar of Nemelex Xobeh.
 60833 | Depths:1 | Reached skill level 15 in Dodging
 61960 | Depths:1 | You fall into a shaft and drop 1 floor!
 62070 | Depths:2 | Reached skill level 5 in Hexes
 62491 | Depths:2 | Identified the +2 pair of gloves of Gienefofa {rN+ Will+
                  | Int+2}
 62491 | Depths:2 | Noticed Nikola
 62499 | Depths:2 | Killed Nikola
 62729 | Depths:2 | Found Egausm Cetwe's Weapon Emporium.
 62965 | Depths:2 | Noticed the Enchantress
 62988 | Depths:2 | Reached skill level 1 in Fire Magic
 63129 | Depths:2 | Reached XP level 22. HP: 157/157 MP: 13/35
 63182 | Depths:2 | Killed the Enchantress
 63746 | Depths:2 | Upgraded the game from 0.27-a0-75-g9f9dfd16e9 to
                  | 0.27-a0-77-gd04b7445b5
 63830 | Depths:2 | Found a one-way gate leading to the halls of Pandemonium.
 64699 | Depths:2 | Reached skill level 10 in Translocations
 65393 | Depths:2 | Identified the +1 ring mail "Fiacong" {Int+4} (You found it
                  | on level 2 of the Depths)
 65437 | Depths:2 | Learned a level 3 spell: Summon Guardian Golem
 66310 | Depths:3 | Found Vaehierche's Assorted Antiques.
 66310 | Depths:3 | Found Fuonk's Gadget Shop.
 66314 | Depths:3 | Found Uziod's Jewellery Boutique.
 66323 | Depths:3 | Bought a scroll of identify for 60 gold pieces
 66349 | Depths:3 | Bought a lightning rod (4/4) for 510 gold pieces
 66641 | Depths:3 | Noticed a caustic shrike
 66652 | Depths:3 | Killed a caustic shrike
 66707 | Depths:3 | Identified Sif Muna's Reference Book on the Entourage and
                  | the Snowflakes
 66813 | Depths:3 | Reached skill level 10 in Summonings
 67532 | Depths:3 | Reached XP level 23. HP: 137/162 MP: 22/36
 68536 | Depths:3 | Identified the ring "Syhatha" {Will+ Int+3 Slay+4} (You
                  | found it on level 3 of the Depths)
 69237 | Depths:4 | You fall into a shaft and drop 1 floor!
 69237 | Depths:5 | Entered Level 5 of the Depths
 69471 | Depths:5 | Reached skill level 15 in Slings
 69652 | Depths:5 | Noticed Xtahua
 69673 | Abyss:1  | Killed from afar by a hellion

Illustrated notes

Levels and vault maps discovered:
D:1:      minmay_arrival_widening_spiral_wide, layout_rooms
D:2:      layout_rooms, marbit_many_paths, tso_metal_star,
          chequers_temple_overflow_statue_of_worship, uniq_robin, uniq_sigmund
D:3:      layout_basic, cheibrodos_ashenzari_chains,
          gammafunk_temple_overflow_elements, gammafunk_ghost_grave, uniq_ijyb
D:4:      layout_gridville, lemuel_doored_altar, uniq_pikel
D:5:      minmay_bubble_buster, layout_loops_ring,
          chequers_serial_rivers_small_b
D:6:      layout_loops_ring, lightli_temple_of_fire, kennysheep_mini_moat,
          minmay_temple_entry_mini_moons
D:7:      layout_layer_cave, lemuel_round_altar
D:8:      layout_loops_ring, nicolae_overflow_hidden_temple, st_stairs_2,
          uniq_erica
D:9:      layout_small_grid, tgw_trog, dpeg_oklobed_lair, serial_shops,
          nicolae_shop_waterfront, gammafunk_ghost_wrathful_warriors
D:10:     layout_basic, basic_altar
D:11:     layout_cross, minmay_orc_entry_temple_small, uniq_harold
D:12:     layout_basic, ebering_ghost_disaster_area, kennysheep_potato,
          uniq_snorg
D:13:     layout_layer_cave, serial_shops, kennysheep_mini,
          kennysheep_flooded_box, hangedman_aviary
D:14:     minmay_the_grid_square_5x5_5x5_mashed
          [minmay_the_grid_square_5x5_two_walls_b,
          minmay_the_grid_square_5x5_hollow_slash,
          minmay_the_grid_square_5x5_bracketed,
          minmay_the_grid_square_5x5_three_small,
          minmay_the_grid_square_5x5_forky,
          minmay_the_grid_square_5x5_misaligned,
          minmay_the_grid_square_5x5_prize_itemx,
          minmay_the_grid_square_5x5_eight,
          minmay_the_grid_square_5x5_prize_open,
          minmay_the_grid_square_5x5_three, minmay_the_grid_square_5x5_fat_x,
          minmay_the_grid_square_5x5_six_small,
          minmay_the_grid_square_5x5_prize_deathbox,
          minmay_the_grid_square_5x5_intrusive_squares,
          minmay_the_grid_square_5x5_inner_v,
          minmay_the_grid_square_5x5_minimal,
          minmay_the_grid_square_5x5_prize_rear_guard,
          minmay_the_grid_square_5x5_n, minmay_the_grid_square_5x5_prize_gold,
          minmay_the_grid_square_5x5_pentomino_r,
          minmay_the_grid_square_5x5_two, minmay_the_grid_square_5x5_hourglass,
          minmay_the_grid_square_5x5_gyroscope,
          minmay_the_grid_square_5x5_moneybag,
          minmay_the_grid_square_5x5_longway], layout_basic, david_vaults_4,
          kennysheep_small_spiral, uniq_louise, uniq_roxanne
D:15:     grunt_enter_depths_snipers, layout_loops_ring, special_room
          [special_room_mythical_zoo], okawaru_ov_weapons_minmay
Lair:1:   layout_gridlike, basic_altar, gauntlet_entry_generic,
          minmay_lair_oklob_chamber, uniq_joseph
Lair:2:   layout_chaotic_city, infiniplex_staircase_pool_2
Lair:3:   layout_misc_corridors, skrybe_swamp_entry_bodies
Lair:4:   layout_loops_ring, nicolae_spider_entry_non_spiders
Lair:5:   layout_small_grid, slime_altar_1, uniq_nessos
Lair:6:   evil_forest, layout_regular_city, uniq_urug
Swamp:1:  layout_basic_swamp, evilmike_swamp_ruin_house_6, swamp_pool2
Swamp:2:  layout_basic_swamp, nicolae_swamp_orc_logging_accident, swamp_pool3,
          infiniplex_staircase_pool
Swamp:3:  layout_falls_marsh, hangedman_swamp_lotus
Swamp:4:  swamp_pestilence, layout_basic_swamp
Spider:1: layout_spider_delve
Spider:2: layout_chambers
Spider:3: layout_chambers, worms_lemuel, uniq_arachne
Spider:4: spider_rune_water, nicolae_spider_webs_and_nodes,
          spiders_nest_ghost_moth_duel
Orc:1:    layout_caves, basic_altar
Orc:2:    grunt_orc_community_town_hall, layout_caves,
          grunt_orc_community_big_house_1, grunt_orc_community_big_house_1,
          grunt_orc_community_house_2, grunt_orc_community_house_3,
          grunt_orc_community_house_1, grunt_orc_community_house_2,
          serial_shops, nicolae_shop_overgrown_old_shop,
          gammafunk_ghost_necromancy
Elf:1:    layout_geoelf_grid, gammafunk_ghost_split, evilmike_minifort,
          nrook_loot_triangle
Elf:2:    layout_rooms, portal_ice_cave_entry_pillars_four
Elf:3:    minmay_elf_hall_dome, layout_geoelf_grid
Depths:1: layout_gridlike, infiniplex_enter_wizlab_spiral,
          hangedman_abyss_or_decor_passed, serial_shops, nicolae_shop_crystal,
          hell_entry, kennysheep_diamond, lemuel_nasty_fountain
Depths:2: nzn_winding_woodlands_cross [nzn_winding_woodlands_5x15_pockets,
          nzn_winding_woodlands_5x15_pool,
          nzn_winding_woodlands_5x15_sidewinder,
          nzn_winding_woodlands_5x15_garden,
          nzn_winding_woodlands_15x15_boxy_spiral], layout_basic,
          grunt_decor_junction, grunt_pan_entry_zigzag, hell_entry,
          serial_shops, nicolae_shop_waterfront, kennysheep_generic_room_15,
          infiniplex_staircase_zigzag_1, uniq_enchantress, uniq_nikola
Depths:3: minmay_outward_triangles, layout_basic, grunt_hell_entry_dis_mu,
          pan_entry, small_statue_intersection, horrible_house_mu,
          infiniplex_staircase_pool_lava, serial_bayou_shore_a,
          minmay_shop_star, serial_bayou_shore_b
Depths:4: evilmike_diamond_1, layout_long_grid, nicolae_trove_entry_columns,
          minmay_misc_feat_more_columns, nicolae_abyss_entry_one_way_or_another,
          hellmouth_1, grunt_megastairs_5, serial_bayou_shore_b, firewood_loft
Depths:5: grunt_x_marks_the_spot, layout_gridlike, enter_ziggurat_a,
          minmay_misc_feat_alley, pf_hell_entry_great_geh, uniq_xtahua
Abyss:1:  base: Temple, base: Temple, base: Depths:2, base: Vaults:1,
          bh_abyss_xom_lugonu_altar, hangedman_stitches_earthworm

Skill      XL: |  1  2  3  4  5  6  7  8  9 10 11 12 13 14 15 16 17 18 19 20 21 22 23 |
---------------+----------------------------------------------------------------------+-----
Short Blades   | 3 4 6 10 | 10.9
Fighting       | 3 4 5 7 10 12 13 14 15 | 15.5
Invocations    | 3 5 7 8 9 10 13 15 17 18 | 18.0
Slings         | 3 4 5 7 10 12 14 15 | 15.1
Dodging        | 2 3 4 5 6 8 11 12 13 14 16 | 16.0
Armour         | 5 8 10 12 15 16 17 | 17.1
Translocations | 4 6 7 9 11 | 11.0
Shields        | 6 |  6.0
Summonings     | 1 6 8 9 10 11 | 11.0
Spellcasting   | 4 |  4.0
Stealth        | 4 |  4.0
Evocations     | 5 6 |  6.0
Long Blades    | 5 6 |  6.8
Hexes          | 6 |  6.0
Fire Magic     | 2 4 |  4.1

Action                   |  1- 3 |  4- 6 |  7- 9 | 10-12 | 13-15 | 16-18 | 19-21 | 22-24 || total
-------------------------+-------+-------+-------+-------+-------+-------+-------+-------++-------
Melee: Short sword       |   150 |   275 |   249 |       |       |       |       |       ||   674
       Fustibalus        |       |       |       |     1 |       |       |     2 |       ||     3
       Hand axe          |       |       |       |     2 |       |       |       |       ||     2
       Falchion          |       |       |       |       |     2 |     4 |     4 |       ||    10
       Long sword        |       |       |       |       |       |       |    57 |    28 ||    85
       Quick blade       |       |       |       |       |       |       |   381 |   214 ||   595
       Scimitar          |       |       |       |       |       |       |     8 |    15 ||    23
       Rapier            |       |       |       |       |       |       |    26 |    35 ||    61
 Fire: Hunting sling     |       |    21 |   323 |    11 |   158 |       |       |       ||   513
       Fustibalus        |       |       |   100 |   884 |  1550 |  2161 |  1485 |   715 ||  6895
Throw: Dart              |       |     7 |       |     7 |    17 |       |       |       ||    31
       Throwing net      |       |       |       |       |     1 |     1 |       |       ||     2
       Boomerang         |       |       |       |       |       |       |     4 |       ||     4
 Cast: Blink             |       |       |       |    12 |    40 |    24 |    46 |    16 ||   138
       Call Imp          |       |       |       |       |    70 |    90 |    86 |    81 ||   327
       Apportation       |       |       |       |       |       |       |     4 |       ||     4
       Portal Projectile |       |       |       |       |       |       |     3 |    20 ||    23
       Summon Forest     |       |       |       |       |       |       |       |     1 ||     1
Invok: Bend Space        |     1 |    11 |    16 |     8 |     1 |     8 |     3 |     1 ||    49
       Banish            |       |       |       |     8 |       |       |     4 |       ||    12
       Corrupt           |       |       |       |       |     1 |     1 |     1 |       ||     3
       Enter the Abyss   |       |       |       |       |       |       |     1 |     1 ||     2
       Depart the Abyss  |       |       |       |       |       |       |     1 |       ||     1
       Brand Weapon With |       |       |       |       |       |       |     1 |       ||     1
Evoke: Wand              |       |     1 |       |     3 |     7 |     8 |    13 |       ||    32
       Tin of tremorston |       |       |       |       |       |       |     2 |       ||     2
       Phantom mirror    |       |       |       |       |       |       |     2 |       ||     2
       Box of beasts     |       |       |       |       |       |       |     1 |       ||     1
  Use: Scroll            |     1 |     7 |    11 |    12 |    11 |    20 |    19 |    13 ||    94
       Potion            |     1 |       |     2 |     5 |       |       |     8 |     3 ||    19
 Stab: Sleeping          |       |     1 |       |       |       |       |       |       ||     1
       Distracted        |       |       |       |       |       |       |     3 |     1 ||     4
       Fleeing           |       |       |       |       |       |       |     1 |       ||     1
       Invisible         |       |       |       |       |       |       |       |     4 ||     4
Armor: Leather armour    |    45 |    14 |       |       |       |       |       |       ||    59
       Scale mail        |       |    95 |    92 |       |       |       |       |       ||   187
       Ring mail         |       |       |    46 |   152 |   131 |    29 |       |       ||   358
       Plate armour      |       |       |       |       |       |    89 |   271 |   141 ||   501
       Chain mail        |       |       |       |       |       |   304 |       |       ||   304
Dodge: Dodged            |   115 |   172 |   292 |   355 |   429 |   692 |   353 |   224 ||  2632
Block: Other             |       |       |    13 |   111 |       |       |       |       ||   124
       Reflection        |       |       |       |     9 |    24 |    24 |    46 |    12 ||   115
       Buckler           |       |       |       |     3 |   448 |   807 |   476 |   235 ||  1969
       Rpst.: Long sword |       |       |       |       |       |       |     7 |     3 ||    10
       Scimitar          |       |       |       |       |       |       |     2 |     1 ||     3

Table legend: (Time is in decaauts)
 A = Elapsed time spent in this place.
 B = Non-inter-level travel time spent in this place.
 C = Inter-level travel time spent in this place.
 D = Time resting spent in this place.
 E = Time spent auto-exploring this place.
 F = Levels seen in this place.
 G = Mean time per level.
                   A        B        C        D        E       F      G
               +--------+--------+--------+--------+--------+-----+--------+
         Total |  67398 |  64828 |   2570 |   6256 |  42108 |  46 | 1465.2 |
       Dungeon |  21984 |  20719 |   1265 |   1360 |  13603 |  15 | 1465.6 |
          Lair |  11005 |  10464 |    541 |    494 |   7707 |   6 | 1834.2 |
         Swamp |   5749 |   5641 |    108 |    559 |   3747 |   4 | 1437.2 |
   Spider Nest |   8062 |   7893 |    169 |    575 |   5738 |   4 | 2015.5 |
  Orcish Mines |   2537 |   2385 |    152 |      0 |   1704 |   2 | 1268.5 |
   Elven Halls |   5824 |   5676 |    148 |    718 |   3166 |   3 | 1941.3 |
        Depths |   8595 |   8410 |    185 |    989 |   5421 |   5 | 1719.0 |
         Abyss |    847 |    847 |      0 |    698 |      1 |   4 |  211.8 |
      Ice Cave |    575 |    575 |      0 |    270 |     73 |   1 |  575.0 |
        Wizlab |    923 |    923 |      0 |    540 |     72 |   1 |  923.0 |
      Gauntlet |   1292 |   1292 |      0 |     50 |    873 |   1 | 1292.0 |
               +--------+--------+--------+--------+--------+-----+--------+

Top non-repeatable levels by time:
Depths:2: 3530 daAuts
Spider:3: 3007 daAuts
    D:14: 2997 daAuts
Spider:4: 2926 daAuts
Depths:3: 2396 daAuts
   Elf:1: 2265 daAuts
  Lair:2: 2222 daAuts
  Lair:6: 2167 daAuts
    D:13: 2069 daAuts
 Swamp:2: 1991 daAuts
   Elf:3: 1977 daAuts
   Orc:2: 1975 daAuts
Depths:1: 1911 daAuts
  Lair:4: 1875 daAuts
     D:8: 1871 daAuts
